 Dungeon Crawl Stone Soup version 0.27.0-1-g7a089689b8 (webtiles) character file.

Game seed: 18178004443336265507

81638 backslashecho the Severer (level 15, -3/142 HPs)
             Began as a Deep Dwarf Artificer on Aug 7, 2021.
             Was a High Priest of Makhleb.
             Slain by a wolf spider (12 damage)
             ... on level 1 of the Spider Nest on Aug 8, 2021.
             The game lasted 02:20:30 (28920 turns).

backslashecho the Severer (Deep Dwarf Artificer)   Turns: 28920, Time: 02:20:31

Health: -3/142     AC: 23    Str: 21    XL:     15   Next: 27%
Magic:  3/3        EV:  8    Int: 13    God:    Makhleb [*****.]
Gold:   546        SH:  0    Dex: 13    Spells: 14/14 levels left

rFire    . . .     SeeInvis .   V - +2 battleaxe (elec)
rCold    . . .     Faith    .   (shield currently unavailable)
rNeg     + . .     Spirit   .   w - +0 plate armour
rPois    .         Reflect  .   c - +1 helmet
rElec    +         Harm     .   n - +0 cloak
rCorr    .         Rampage  .   (no gloves)
Will     ++...                  e - +0 pair of boots "Oha Zoun" {rElec}
Stlth    ..........             (no amulet)
HPRegen  0.00/turn              r - +4 ring of protection
MPRegen  0.08/turn              S - ring of flight

@: lethally poisoned (-3 -> -16), flying
A: damage resistance, heal wounds, negative energy resistance 1, sense
surroundings 2, no regeneration
a: Heal Wounds, Renounce Religion, Minor Destruction, Lesser Servant of Makhleb,
Major Destruction, Greater Servant of Makhleb


You were on level 1 of the Spider Nest.
You worshipped Makhleb.
Makhleb was extremely pleased with you.
You visited 6 branches of the dungeon, and saw 25 of its levels.
You also visited: Sewer.

You collected 2001 gold pieces.
You spent 1455 gold pieces at shops.

Inventory:

Hand Weapons
 a - a +0 war axe
 b - a +1 hand axe of flaming
 V - a +2 battleaxe of electrocution (weapon)
Missiles
 d - a curare-tipped dart
 j - 49 poisoned darts (quivered)
 U - a bolt
Armour
 c - a +1 helmet (worn)
 e - the +0 pair of boots "Oha Zoun" (worn) {rElec}
   (You acquired it on level 11 of the Dungeon)

   rElec:     It insulates you from electricity.
 n - a +0 cloak (worn)
 w - a +0 plate armour (worn)
 H - a +0 kite shield
 T - a +0 tower shield
Jewellery
 r - a +4 ring of protection (left hand)
 y - a +6 ring of strength
 J - a ring of poison resistance
 M - a ring of protection from fire
 S - a ring of flight (right hand)
Wands
 s - a wand of digging (2)
 z - a wand of flame (30)
 A - a wand of acid (7)
 C - a wand of polymorph (4)
 I - a wand of mindburst (19)
 R - a wand of paralysis (6)
Scrolls
 f - 2 scrolls of blinking
 h - 3 scrolls of teleportation
 k - a scroll of fog
 o - a scroll of holy word
 q - 2 scrolls of magic mapping
 t - a scroll of torment
 x - 7 scrolls of identify
 L - 3 scrolls of fear
Potions
 g - a potion of magic
 i - a potion of heal wounds
 l - 5 potions of curing
 m - 4 potions of flight
 u - a potion of cancellation
 v - a potion of resistance
 B - 5 potions of mutation
 D - 6 potions of haste
 F - a potion of lignification
 O - 4 potions of might
 P - 2 potions of berserk rage
Miscellaneous
 p - a condenser vane
 E - a piece from Xom's chessboard (13/15)
 G - a lightning rod (4/4)
 K - a tin of tremorstones (2/2)
 N - a phial of floods (inert)
 Q - a phantom mirror (inert)


   Skills:
 + Level 11.4 Fighting
 - Level 2.0 Short Blades
 - Level 18.0 Axes
 - Level 10.0 Armour
 - Level 4.0 Dodging
 - Level 4.1 Stealth
 + Level 8.2 Shields
 - Level 1.0 Unarmed Combat
 * Level 12.1 Invocations
 + Level 10.4 Evocations


You had 14 spell levels left.
You didn't know any spells.
Your spell library contained the following spells:

 Spells                   Type           Power      Damage    Failure   Level
 Animate Skeleton         Necr           0%         N/A       99%         1
 Magic Dart               Conj           0%         1d3       99%         1
 Pain                     Necr           0%         1d4       99%         1
 Summon Small Mammal      Summ           0%         N/A       99%         1
 Corpse Rot               Necr/Air       N/A        N/A       100%        2
 Passwall                 Tmut/Erth      0%         N/A       100%        2
 Poisonous Vapours        Pois/Air       0%         N/A       100%        2
 Searing Ray              Conj           0%         3d3       100%        2
 Slow                     Hex            0%         N/A       100%        2
 Call Canine Familiar     Summ           0%         N/A       100%        3
 Confusing Touch          Hex            0%         N/A       100%        3
 Conjure Flame            Conj/Fire      0%         6-21      100%        3
 Dazzling Flash           Conj/Hex       0%         N/A       100%        3
 Frozen Ramparts          Ice            0%         1d2       100%        3
 Gell's Gravitas          Tloc           0%         N/A       100%        3
 Ignite Poison            Fire/Tmut/Pois 0%         N/A       100%        3
 Lesser Beckoning         Tloc           0%         N/A       100%        3
 Summon Guardian Golem    Hex/Summ       0%         N/A       100%        3
 Swiftness                Air            0%         N/A       100%        3
 Teleport Other           Tloc           0%         N/A       100%        3
 Vampiric Draining        Necr           0%         2d6       100%        3
 Airstrike                Air            0%         N/A       100%        4
 Animate Dead             Necr           0%         N/A       100%        4
 Fulminant Prism          Conj/Hex       0%         3d6       100%        4
 Hailstorm                Conj/Ice       0%         3d3       100%        4
 Ice Form                 Ice/Tmut       0%         N/A       100%        4
 Iskenderun's Mystic Bla  Conj/Tloc      0%         2d3       100%        4
 Olgreb's Toxic Radiance  Pois           0%         N/A       100%        4
 Sticky Flame             Conj/Fire      0%         2d3       100%        4
 Summon Ice Beast         Ice/Summ       0%         N/A       100%        4
 Summon Lightning Spire   Summ/Air       0%         N/A       100%        4
 Borgnjor's Vile Clutch   Necr/Erth      0%         N/A       100%        5
 Freezing Cloud           Conj/Ice/Air   0%         6-21      100%        5
 Lightning Bolt           Conj/Air       0%         1d11      100%        5
 Death Channel            Necr           0%         N/A       100%        6
 Invisibility             Hex            0%         N/A       100%        6
 Simulacrum               Ice/Necr       0%         N/A       100%        6
 Starburst                Conj/Fire      0%         8x6d3     100%        6
 Ozocubu's Refrigeration  Ice            0%         4d5       100%        7
 Ignition                 Fire           0%         3d3       100%        8


Dungeon Overview and Level Annotations

Branches:
Dungeon (15/15)            Temple (1/1) D:4            Lair (6/6) D:8
 Shoals (1/4) Lair:2       Spider (1/4) Lair:2        Slime (0/5) Lair:6
    Orc (1/2) D:11         Vaults (0/5) D:13         Depths (0/5) D:15
  Sewer (visited)

Altars:
Ashenzari
Cheibriados
Dithmenos
Elyvilon
Fedhas
Gozag
Hepliaklqana
Kikubaaqudgha
Makhleb
Nemelex Xobeh
Okawaru
Qazlal
Ru
Sif Muna
Trog
Uskayaw
Vehumet
Wu Jian
Xom
Yredelemnul
Zin
The Shining One
Jiyva

Shops:
D:6 !   D:10 (   D:15 *

Annotations:
D:2 exclusion: 3 doors
D:8 exclusion: door
D:10 3 runed translucent doors, dinky's ghost, journeyman BaCK
D:11 exclusions: 2 doors and 3 more exclusions
Lair:6 2 runed translucent doors, exclusion: oklob plant
Orc:1 Erolcha


Innate Abilities, Weirdness & Mutations

You are resistant to damage.
You can heal yourself by infusing magical energy.
You resist negative energy. (rN+)
You passively map the area around you.
You do not regenerate.


Message History

The demonic crawler gives a hideous shriek!
You take 14 damage, and have 32/142 hp.
You barely miss the wolf spider.
The wolf spider is moderately wounded.
You slice the jumping spider!! You hit the redback.
You slice the jumping spider!!
You kill the jumping spider!
Makhleb accepts your kill.
You feel better.
The jumping spider barely misses you. x2
The wolf spider barely misses you. The wolf spider completely misses you.
The redback bites you.
You regained 4 hp, and now have 36/142 hp.
You hit the wolf spider.
The wolf spider is moderately wounded.
You hit the jumping spider but do no damage.
You hit the redback. The wolf spider hits you!
* * * LOW HITPOINT WARNING * * *
The wolf spider bites you but does no damage.
The jumping spider pounces on you!
* * * LOW HITPOINT WARNING * * *
You are caught in a web!
The jumping spider bites you but does no damage.
The redback bites you!
* * * LOW HITPOINT WARNING * * *
You are lethally poisoned!
The redback poisons you!
A jumping spider comes into view.
The jumping spider barely misses you. x2
The wolf spider hits you but does no damage.
The wolf spider bites you but does no damage.
The jumping spider hisses angrily.
You take 17 damage, and have 19/142 hp.
* * * LOW HITPOINT WARNING * * *
You feel extremely sick.
The redback bites you but does no damage.
An orb spider comes into view.
The jumping spider pounces on you but does no damage.
The jumping spider bites you but does no damage.
The wolf spider hits you!
You die...

,,,, , ** * *
..... ,** * ,
...s. * , ,
.....s * , * *
,..ss.. , *
##,#####......
,
#..#.........#
##...........#
, ,
#.....@s.....#
,
##..#ss.......
, ,,, #,
##.......# * ,
* #......## ,
^.##....# ###
#.### , * .# ,
* . , * * , ,
,


You could see a demonic crawler, a wolf spider, an orb spider, 3 jumping spiders
and a redback.

Vanquished Creatures
  Nessos (D:14)
  A dire elephant (Lair:6)
  3 catoblepae
  5 boulder beetles
  6 hydras
  2 centaur warriors
  2 dancing weapons (D:13)
  5 two-headed ogres
  6 death yaks (Lair:6)
  A tengu warrior (D:14)
  2 skeletal warriors (D:15)
  A titan skeleton (D:15)
  A spark wasp zombie (D:15)
  Pikel (D:6)
  A necromancer (D:14)
  2 lindwurms (Lair:6)
  3 wolf spiders
  A cyclops (D:13)
  An orb spider (Lair:2)
  3 deep elf pyromancers
  2 fauns (Shoals:1)
  4 ugly things
  4 manticores
  3 elephants
  7 torpor snails
  18 cane toads
  4 black mambas
  A gargoyle (D:11)
  An unseen horror (D:11)
  7 rime drakes
  7 komodo dragons
  2 tengu conjurers
  4 tyrant leeches
  A jumping spider (Spider:1)
  A polar bear (Lair:2)
  7 hornets
  A troll (D:12)
  A snapping turtle (Lair:2)
  14 slime creatures
  32 blink frogs
  An ice dragon skeleton (D:15)
  2 vampires (D:12)
  76 yaks
  A shadow (D:9)
  3 wyverns
  4 wraiths
  7 basilisks
  A warg (D:11)
  2 steam dragons
  15 water moccasins
  A floating eye (D:15)
  An ice beast (D:7)
  5 orc warriors
  4 sky beasts
  A black bear (Lair:2)
  3 necrophages
  2 ogres
  2 centaurs
  5 kobold brigands (Sewer)
  Blork the orc (D:6)
  9 bullfrogs
  2 scorpions
  A wyvern zombie (D:7)
  A gnoll sergeant (D:8)
  4 wights (D:8)
  2 electric eels
  6 howler monkeys
  4 killer bees (D:9)
  7 centaur zombies
  3 bullfrog zombies (D:7)
  6 hounds
  A gnoll shaman (D:8)
  4 orc priests
  A bullfrog skeleton (D:4)
  A jelly (D:7)
  Terence (D:3)
  3 iguanas
  9 orc wizards
  A hound skeleton (D:5)
  2 howler monkey zombies
  6 gnolls
  5 adders
  A river rat (Sewer)
  3 white imps
  An ufetubus (D:6)
  An adder skeleton (D:4)
  3 worms
  4 dart slugs
  25 orcs
  18 endoplasms
  5 giant cockroaches
  4 goblins
  4 hobgoblins
  12 jackals
  17 kobolds
  6 quokkas
  8 ball pythons
  3 bats
  8 frilled lizards
  12 rats
  A bush (Lair:4)
521 creatures vanquished.

Vanquished Creatures (collateral kills)
  Rupert (D:13)
  Louise (D:15)
  A dire elephant (Lair:6)
  A boulder beetle (D:15)
  A tengu warrior (D:14)
  A wizard (D:11)
  A phantasmal warrior (D:15)
  An ettin zombie (D:15)
  2 orc wizards
  2 adders
  3 orcs
  2 ball pythons
  A kobold (D:2)
  2 rats
20 creatures vanquished.

Vanquished Creatures (others)
  A wizard (D:11)
  3 orcs
  2 gnolls (D:5)
  2 endoplasms
  A hobgoblin (D:3)
  2 jackals
  2 bushes (Lair:6)
  49 fungi
  91 plants
  8 toadstools (D:2)
  2 withered plants (D:15)
163 creatures vanquished.

Grand Total: 704 creatures vanquished

Notes
Turn   | Place    | Note
-------+----------+-------------------------------------------
     0 | D:1      | backslashecho the Deep Dwarf Artificer began the quest for
                  | the Orb.
     0 | D:1      | Reached XP level 1. HP: 16/16 MP: 1/1
    50 | D:1      | Reached skill level 1 in Fighting
   424 | D:1      | Reached XP level 2. HP: 17/25 MP: 2/2
   618 | D:1      | Reached skill level 1 in Unarmed Combat
   960 | D:1      | Reached XP level 3. HP: 28/33 MP: 3/3
  1846 | D:2      | Reached XP level 4. HP: 23/42 MP: 4/4
  2675 | D:3      | Noticed Terence
  3002 | D:3      | Found a sparkling altar of Nemelex Xobeh.
  3096 | D:3      | Found a shimmering blue altar of Sif Muna.
  3127 | D:3      | Reached skill level 1 in Axes
  3196 | D:3      | Killed Terence
  3197 | D:3      | Reached XP level 5. HP: 20/50 MP: 5/5
  3324 | D:3      | Found an opulent altar of Gozag.
  3623 | D:3      | Found a snail-covered altar of Cheibriados.
  3940 | D:4      | Found a staircase to the Ecumenical Temple.
  3949 | Temple   | Entered the Ecumenical Temple
  4049 | Temple   | Became a worshipper of Makhleb the Destroyer
  4247 | D:4      | Reached skill level 2 in Axes
  4362 | D:4      | Reached skill level 3 in Axes
  4840 | D:5      | Entered Level 5 of the Dungeon
  4924 | D:4      | Reached XP level 6. HP: 32/58 MP: 6/6
  5612 | D:5      | Reached skill level 4 in Axes
  6143 | D:5      | Reached skill level 1 in Short Blades
  6143 | D:5      | Reached XP level 7. HP: 41/66 MP: 7/7
  6254 | D:6      | Found Uduul's Distillery.
  6374 | D:6      | Reached * piety under Makhleb
  6402 | D:6      | Found a glowing drain.
  6431 | Sewer    | Entered a sewer
  6587 | Sewer    | Reached skill level 5 in Fighting
  6587 | Sewer    | Reached skill level 5 in Axes
  7124 | Sewer    | Reached ** piety under Makhleb
  7250 | Sewer    | Reached skill level 6 in Axes
  7250 | Sewer    | Reached XP level 8. HP: 42/74 MP: 8/8
  7513 | D:6      | Found an ancient bone altar of Kikubaaqudgha.
  7570 | D:6      | Noticed Blork the orc
  7586 | D:6      | Killed Blork the orc
  7587 | D:6      | Reached skill level 1 in Invocations
  7875 | D:6      | Noticed Pikel
  8335 | D:6      | Paralysed by Pikel for 2 turns
  8340 | D:6      | Paralysed by Pikel for 6 turns
  8353 | D:6      | Killed Pikel
  8354 | D:6      | Reached skill level 7 in Axes
  8607 | D:7      | Gained mutation: You passively map the area around you.
                  | [Deep Dwarf growth]
  8607 | D:7      | Reached XP level 9. HP: 63/82 MP: 11/11
  8613 | D:7      | Reached skill level 8 in Axes
  8859 | D:7      | Found a glowing silver altar of Zin.
  8861 | D:7      | Found the +9 heavy crossbow "Sniper" {vorpal, Acc+∞ SInv}
  8989 | D:7      | Noticed a boulder beetle
  9614 | D:7      | Reached skill level 9 in Axes
  9614 | D:7      | Reached skill level 5 in Armour
  9689 | D:7      | Found a blossoming altar of Fedhas.
  9925 | D:7      | Killed a boulder beetle
  9926 | D:7      | Reached skill level 10 in Axes
 10253 | D:8      | Found a bloodstained altar of Trog.
 10438 | D:8      | Found a white marble altar of Elyvilon.
 10667 | D:8      | Reached XP level 10. HP: 89/94 MP: 12/12
 10730 | D:8      | Found a staircase to the Lair.
 11012 | D:8      | Reached *** piety under Makhleb
 11175 | D:9      | Noticed a manticore
 11307 | D:9      | Killed a manticore
 11321 | D:9      | You fall into a shaft and drop 1 floor!
 11321 | D:10     | Entered Level 10 of the Dungeon
 11335 | D:10     | Noticed a two-headed ogre
 11337 | D:10     | Killed a two-headed ogre
 11338 | D:10     | Reached skill level 11 in Axes
 11488 | D:9      | Noticed a two-headed ogre
 11504 | D:9      | Killed a two-headed ogre
 11914 | D:10     | Noticed a two-headed ogre
 11964 | D:10     | Found an ornate altar of the Wu Jian Council.
 12092 | D:10     | Found a runed translucent gate.
 12093 | D:10     | Found a runed translucent gate.
 12093 | D:10     | Noticed dinky's ghost (journeyman BaCK)
 12094 | D:10     | Found a runed translucent gate.
 12123 | D:10     | Noticed a green ugly thing
 12156 | D:10     | Killed a green ugly thing
 12157 | D:10     | Reached skill level 12 in Axes
 12161 | D:10     | Found Miopsut's Antique Weapon Shop.
 12223 | D:10     | Reached XP level 11. HP: 50/104 MP: 13/13
 12512 | D:10     | Found a shimmering altar of Xom.
 12606 | D:10     | Killed a two-headed ogre
 12951 | Lair:1   | Entered Level 1 of the Lair of Beasts
 13648 | Lair:2   | Reached skill level 5 in Invocations
 13783 | Lair:2   | You fall into a shaft and drop 1 floor!
 13884 | Lair:3   | Reached skill level 13 in Axes
 13949 | Lair:3   | Noticed a seven-headed hydra
 13966 | Lair:3   | Killed a one-headed hydra
 13981 | Lair:3   | Reached skill level 5 in Evocations
 14034 | Lair:3   | Reached **** piety under Makhleb
 14345 | Lair:2   | Found a hole to the Spider Nest.
 14345 | Lair:2   | Noticed an orb spider
 14348 | Lair:2   | Killed an orb spider
 14362 | Lair:2   | Reached XP level 12. HP: 92/114 MP: 14/14
 14649 | Lair:2   | Reached skill level 14 in Axes
 14997 | Lair:2   | Found a staircase to the Shoals.
 15547 | Lair:3   | Reached skill level 10 in Armour
 16023 | Lair:4   | Noticed a catoblepas
 16045 | Lair:4   | Killed a catoblepas
 16081 | Lair:4   | Reached skill level 15 in Axes
 16154 | Lair:4   | Noticed a boulder beetle
 16173 | Lair:4   | Killed a boulder beetle
 16258 | Lair:4   | Reached ***** piety under Makhleb
 16821 | Lair:4   | Noticed an eight-headed hydra
 16837 | Lair:4   | Reached skill level 16 in Axes
 17495 | Lair:4   | Killed a one-headed hydra
 17526 | Lair:5   | Noticed a four-headed hydra
 17535 | Lair:4   | Killed a one-headed hydra
 17536 | Lair:4   | Reached XP level 13. HP: 67/121 MP: 13/15
 18314 | Lair:6   | Entered Level 6 of the Lair of Beasts
 18525 | Lair:6   | Reached skill level 17 in Axes
 18902 | Lair:6   | Found a runed translucent door.
 18902 | Lair:6   | Found a viscous altar of Jiyva.
 18903 | Lair:6   | Noticed an acid blob
 18904 | Lair:6   | Found a staircase to the Slime Pits.
 18904 | Lair:6   | Noticed an acid blob
 18904 | Lair:6   | Noticed an acid blob
 18904 | Lair:6   | Noticed an acid blob
 19127 | Lair:6   | Found an ornate altar of the Wu Jian Council.
 19340 | Lair:6   | Reached ****** piety under Makhleb
 19401 | Lair:6   | Reached skill level 10 in Invocations
 19557 | Lair:6   | Reached skill level 18 in Axes
 19622 | Lair:6   | Reached skill level 1 in Shields
 19651 | Lair:6   | Gained mutation: You resist negative energy. (rN+) [Deep
                  | Dwarf growth]
 19651 | Lair:6   | Reached XP level 14. HP: 83/129 MP: 13/13
 19864 | Lair:6   | Found a runed translucent door.
 20505 | Lair:6   | Reached skill level 10 in Fighting
 21465 | Lair:6   | Reached skill level 10 in Evocations
 21593 | Lair:6   | Reached skill level 5 in Shields
 21653 | Lair:6   | HP: 4/132 [dire elephant (3)]
 22711 | D:11     | Found a staircase to the Orcish Mines.
 23326 | Orc:1    | Entered Level 1 of the Orcish Mines
 23326 | Orc:1    | Noticed Erolcha
 23329 | D:11     | Identified a scroll of acquirement
 23332 | D:11     | Acquired the +0 pair of boots "Oha Zoun" {rElec}
 23619 | D:12     | You fall into a shaft and drop 1 floor!
 23706 | D:13     | Found a gate to the Vaults.
 25275 | D:13     | Noticed Rupert
 25752 | D:13     | Killed Rupert
 26292 | D:14     | Found a sacrificial altar of Ru.
 26751 | D:14     | Noticed Nessos
 26765 | D:14     | Reached XP level 15. HP: 39/141 MP: 4/4
 27100 | D:15     | Entered Level 15 of the Dungeon
 27322 | D:14     | Killed Nessos
 27546 | D:15     | Noticed Louise
 27682 | D:15     | Found a staircase to the Depths.
 27860 | D:15     | Killed Louise
 27994 | D:15     | Found Usmogh's Gadget Gallery.
 27999 | D:15     | Bought a condenser vane for 600 gold pieces
 27999 | D:15     | Bought a wand of digging (2) for 180 gold pieces
 27999 | D:15     | Bought a wand of acid (7) for 330 gold pieces
 27999 | D:15     | Bought a wand of mindburst (19) for 345 gold pieces
 28051 | D:15     | Identified the +4 long sword "Killer Bee's Doom" {spect,
                  | Fragile rC+ Will+ Str+5}
 28483 | Shoals:1 | Entered Level 1 of the Shoals
 28914 | Spider:1 | Entered Level 1 of the Spider Nest
 28920 | Spider:1 | Slain by a wolf spider

Illustrated notes

Levels and vault maps discovered:
D:1:      psy_arrival_dodecagon, layout_basic, patterned_corridor
D:2:      cheibrodos_fertilizer, layout_loops_ring, kennysheep_generic_room_16
D:3:      layout_basic, lemuel_coloured_pillars_altar,
          nicolae_gozag_cash_rules_everything_around_me, lemuel_round_altar,
          nemelex_spade_bored_becter, minmay_fractal_squares_diagonal_5,
          uniq_terence
D:4:      layout_gridville, minmay_temple_entry_waves, minmay_tree_intersection
D:5:      layout_basic, grunt_ministairs_15
D:6:      layout_loops_ring, mainiacjoe_overflow_alcove_1, serial_shops,
          nicolae_shop_stone, gup_sewer_entry_pipe, nicolae_underground_beach,
          uniq_blork_the_orc, uniq_pikel
D:7:      kennysheep_spiral_hall, layout_gridville, fedhas_altar_fruit_tree,
          old_standard_altar, minmay_bent
D:8:      layout_gridville, mainiacjoe_overflow_boulevard,
          mainiacjoe_overflow_small_starburst, lair_entry_dummy,
          grunt_tough_drop
D:9:      layout_cave_pools
D:10:     layout_roguey, amcnicky_altar_gilded, tgw_xom, serial_shops, shop,
          gammafunk_ghost_nasty_kobolds
D:11:     cheibrodos_lost_city_excavation, layout_basic, david_orc_3,
          minivault_16
D:12:     layout_loops_corners, hex_large
D:13:     layout_long_grid, erik_vaults_1, uniq_rupert
D:14:     layout_stronghold, hangedman_glass_teeth, nicolae_ru_path_of_blood,
          uniq_nessos
D:15:     gammafunk_depths_entry_grave, layout_cave_pools,
          chequers_serial_rivers_small_a, nicolae_shop_gadgets, uniq_louise
Temple:   minmay_temple_curvy_loop
Lair:1:   layout_hall_layers
Lair:2:   layout_layer_cave, minmay_shoals_entry_hut,
          nicolae_spider_entry_orb_guardian
Lair:3:   layout_roguey, minivault_19, infiniplex_staircase_pool_2
Lair:4:   layout_loops_ring, nzn_random_ring
Lair:5:   layout_hall_layers
Lair:6:   hangedman_lair_in_review, layout_small_grid, wormcave, slime_altar_2,
          serial_bayou_pond_e, columned_hall_lemuel, lemuel_oklob_altar,
          serial_bayou_shore_a
Shoals:1: layout_shoals, ebering_ghost_inner_flame, uniq_donald, uniq_kirke
Spider:1: layout_spider_delve, portal_ice_cave_entry_dragon, uniq_nikola
Orc:1:    layout_caves, basic_altar, uniq_erolcha

Skill      XL: |  1  2  3  4  5  6  7  8  9 10 11 12 13 14 15 |
---------------+----------------------------------------------+-----
Fighting       | 1 2 3 4 5 6 7 8 9 11 | 11.4
Unarmed Combat | 1 |  1.0
Axes           | 1 3 4 6 7 10 12 13 16 18 | 18.0
Stealth        | 2 4 |  4.1
Short Blades   | 1 2 |  2.0
Invocations    | 3 4 6 10 12 | 12.1
Armour         | 4 6 7 9 10 | 10.0
Evocations     | 6 8 10 | 10.4
Shields        | 2 7 8 |  8.2
Dodging        | 4 |  4.0

Action                   |  1- 3 |  4- 6 |  7- 9 | 10-12 | 13-15 || total
-------------------------+-------+-------+-------+-------+-------++-------
Melee: Club              |   108 |       |       |       |       ||   108
       Short sword       |    54 |     6 |       |       |       ||    60
       Dagger            |       |   333 |   112 |       |       ||   445
       Hand axe          |       |     7 |   396 |   859 |   384 ||  1646
       Punch             |       |     3 |     1 |     3 |     5 ||    12
       War axe           |       |       |       |       |  1003 ||  1003
       Battleaxe         |       |       |       |       |     5 ||     5
 Fire: Heavy crossbow    |       |       |     8 |    93 |    52 ||   153
Throw: Dart              |       |    35 |    50 |    43 |    82 ||   210
Invok: Minor Destruction |       |       |     7 |     5 |    16 ||    28
       Lesser Servant of |       |       |       |       |    12 ||    12
       Major Destruction |       |       |       |       |     1 ||     1
 Abil: Heal Wounds       |     1 |     7 |    10 |    13 |    54 ||    85
Evoke: Wand              |    10 |    20 |    11 |     8 |    51 ||   100
       Piece from Xom's  |     2 |    16 |    22 |     4 |    13 ||    57
       Lightning rod     |       |       |       |       |     8 ||     8
       Tin of tremorston |       |       |       |       |     2 ||     2
       Phial of floods   |       |       |       |       |     2 ||     2
       Phantom mirror    |       |       |       |       |     2 ||     2
  Use: Potion            |     1 |     2 |     3 |       |     7 ||    13
       Scroll            |     1 |     5 |     8 |     6 |    14 ||    34
 Stab: Sleeping          |     3 |     1 |     3 |       |       ||     7
       Paralysed         |       |     4 |       |       |    10 ||    14
       Petrified         |       |     2 |    16 |     4 |    14 ||    36
       Confused          |       |     3 |     3 |     4 |       ||    10
       Distracted        |       |       |       |       |     6 ||     6
Armor: Leather armour    |    46 |    64 |       |       |       ||   110
       Chain mail        |       |   122 |   280 |       |       ||   402
       Plate armour      |       |       |     2 |   301 |   757 ||  1060
       Scale mail        |       |       |       |    46 |       ||    46
Dodge: Dodged            |    89 |   138 |   131 |   166 |   300 ||   824
Block: Kite shield       |       |       |       |       |   252 ||   252
